 Dungeon Crawl Stone Soup version 0.29-a0-887-gcbe080d7e0 (webtiles) character file.

Game seed: 16751778683122760995

27 Spectrina the Magician (level 3, 0/27 HPs)
             Began as a Djinni Arcane Marksman on July 21, 2022.
             Slain by Crazy Yiuf
             ... wielding a +3 quarterstaff of chaos
              (8 damage)
             ... on level 3 of the Dungeon.
             The game lasted 00:04:04 (335 turns).

Spectrina the Magician (Djinni Arcane Marksman)      Turns: 335, Time: 00:04:05

Health: 0/27       AC:  2    Str:  9    XL:     3   Next: 25%
Gold:   29         EV: 12    Int: 16    God:
                   SH:  0    Dex: 13

rFire   + + .      SeeInvis .   a - +0 sling
rCold   x . .      Faith    .   (no shield)
rNeg    . . .      Spirit   .   c - +0 robe
rPois   ∞          Reflect  .   (no helmet)
rElec   .          Harm     .   (no cloak)
rCorr   .          Rampage  .   (no gloves)
Will    .....                   (boots unavailable)
Stlth   +.........              (no amulet)
HPRegen 0.09/turn               (no ring)
MPRegen 0.00/turn               (no ring)

@: flying
A: sickness immunity, fire resistance 2, cold vulnerability 1, float, innate
caster, HP casting, extra vitality 1
a: no special abilities


You were on level 3 of the Dungeon.
You visited 1 branch of the dungeon, and saw 3 of its levels.

You collected 29 gold pieces.

Inventory:

Hand Weapons
 a - a +0 sling (weapon)
Missiles
 j - 7 poisoned darts
Armour
 c - a +0 robe (worn)
Scrolls
 b - a scroll of vulnerability
 d - a scroll of immolation {unknown}
 e - a scroll of fear {unknown}
 f - a scroll of identify {unknown}
 h - a scroll of noise {unknown}
Potions
 g - a potion of magic {unknown}
 i - a potion of brilliance {unknown}


   Skills:
 - Level 1.0 Fighting
 - Level 1.5 Ranged Weapons
 - Level 2.1 Dodging
 + Level 3.3 Spellcasting


You couldn't memorise any spells.
You knew the following spells:

 Your Spells              Type           Power      Damage    Failure   Level
a - Slow                  Hex            52%        N/A       4%          1
i - Inner Flame           Hex/Fire       13%        N/A       14%         3
m - Cause Fear            Hex            6%         N/A       43%         4
q - Shock                 Conj/Air       52%        1d6       4%          1
y - Portal Projectile     Hex/Tloc       26%        N/A       14%         3
Your spell library was empty.

Dungeon Overview and Level Annotations

Branches:
Dungeon (3/15)

Altars:

Annotations:
D:3 Crazy Yiuf


Innate Abilities, Weirdness & Mutations

You are immune to sickness and miasma.
You are immune to poison.
Your flesh is very heat resistant. (rF++)
You are vulnerable to cold. (rC-)
You float through the air rather than walking.
You learn spells naturally, not from books.
Your magical power is your life essence.
You have superior vitality. (+4 MHP)


Message History

Increase (S)trength, (I)ntelligence, or (D)exterity?
You feel clever. x2
The power to cast Shock wells up from within.
Spell assigned to 'b'.
Adjust (i)tems, (s)pells, or (a)bilities?
Huh?
Adjust (i)tems, (s)pells, or (a)bilities?
Adjust which spell? b - Shock Adjust to which letter? q - Shock You shoot a sling bullet.
The sling bullet completely misses the kobold.
The kobold barely misses you. The kobold closely misses you.
You shoot a sling bullet.
The sling bullet closely misses the kobold.
The kobold hits you with a +0 dagger.
You shoot a sling bullet. The sling bullet hits the kobold.
The kobold is heavily wounded.
The kobold hits you with a +0 dagger.
You shoot a sling bullet. The sling bullet hits the kobold.
You kill the kobold!
Things that are here:
a +0 dagger; 7 poisoned darts
j - 7 poisoned darts
There is a shaft here.
Found a hammer.
Found a runed translucent door.
Unknown command.
Crazy Yiuf shouts!
Unknown command.
Okay, then.
You reach down and open the door.
Crazy Yiuf attacks as you move away!
Crazy Yiuf hits you with a +3 quarterstaff of chaos!
Ouch! That really hurt!
* * * LOW HITPOINT WARNING * * *
You resist with significant effort. Crazy Yiuf attacks as you move away!
Crazy Yiuf hits you with a +3 quarterstaff of chaos!
You die...

##### #..)#
#...# ...
#'# ♣♣.♣
♣.♣♣ ♣♣g♣
....... ♣@♣♣
.......
♣♣^♣♣ ......
♣...♣♣ .....
♣....♣ #...
#....#
#...####..##
#..........#
#...)†....##
#....<....#


You could see Crazy Yiuf.

Vanquished Creatures
  An adder (D:3)
  A bat (D:1)
  2 endoplasms (D:1)
  A giant cockroach (D:1)
  3 goblins (D:1)
  2 kobolds
  A quokka (D:1)
  2 ball pythons (D:1)
  4 rats
17 creatures vanquished.

Notes
Turn   | Place    | Note
-------+----------+-------------------------------------------
     0 | D:1      | Spectrina the Djinni Arcane Marksman began the quest for
                  | the Orb.
     0 | D:1      | Spectrina set off with the following spells memorised:
                  | Slow, Inner Flame, Portal Projectile, Cause Fear.
     0 | D:1      | Reached XP level 1. HP: 17/17 MP: 0/0
   100 | D:1      | Reached XP level 2. HP: 22/22 MP: 0/0
   215 | D:1      | Reached skill level 3 in Spellcasting
   313 | D:3      | Reached XP level 3. HP: 26/27 MP: 0/0
   313 | D:3      | Learned a level 1 spell: Shock
   327 | D:3      | Found a runed translucent door.
   328 | D:3      | Noticed Crazy Yiuf
   335 | D:3      | Slain by Crazy Yiuf

Illustrated notes

Levels and vault maps discovered:
D:1:      sevenhm_arrival_forest_fort_large_4, layout_loops_cross
D:2:      layout_loops_cross, shapermc_ecumenical_altar_totnotflames
D:3:      layout_basic, uniq_ijyb, uniq_crazy_yiuf_cottage, uniq_terence,
          uniq_grinder

Skill      XL: |  1  2 |
---------------+-------+-----
Spellcasting   | 3 |  3.3
Fighting       | |  1.0
Ranged Weapons | |  1.5
Dodging        | |  2.1

Action                   || total
-------------------------++-------
 Fire: Sling             ||    61
Armor: Robe              ||     5
Dodge: Dodged            ||    28

Table legend: (Time is in decaauts)
 A = Elapsed time spent in this place.
 B = Non-inter-level travel time spent in this place.
 C = Inter-level travel time spent in this place.
 D = Time resting spent in this place.
 E = Time spent auto-exploring this place.
 F = Levels seen in this place.
 G = Mean time per level.
                   A        B        C        D        E       F      G
               +--------+--------+--------+--------+--------+-----+--------+
         Total |    355 |    347 |      8 |      0 |      0 |   3 |  118.3 |
       Dungeon |    355 |    347 |      8 |      0 |      0 |   3 |  118.3 |
               +--------+--------+--------+--------+--------+-----+--------+

Top non-repeatable levels by time:
     D:1: 311 daAuts
     D:3: 33 daAuts
     D:2: 10 daAuts
